| TOP OF THE 1ST |
|
Columbus Clippers batting - Pitching for Toledo Mud Hens : RHP Kevin Hockenbury
|
|
Pitching: RHP Kevin Hockenbury
|
|
|
Batting: SHB Jonathan DeFranco
|
0-0: Ball 1-0: Called Strike 1-1: Swinging Strike 1-2: Ball 2-2: Foul Ball, location: 2F 2-2: Foul Ball, location: 2F 2-2: Fly out, F9 (Flyball, 9S, EV 90.0 MPH)
|
|
Batting: RHB Nick Murray
|
0-0: Swinging Strike 0-1: Ball 1-1: Ball 2-1: Foul Ball, location: 2F 2-2: Foul Ball, location: 2F 2-2: Foul Ball, location: 2F 2-2: Foul Ball, location: 2F 2-2: Foul Ball, location: 2F 2-2: Ball 3-2: Foul Ball, location: 2F 3-2: Base on Balls
|
|
Batting: SHB Mike Gross
|
0-0: Ball 1-0: Ball 2-0: Called Strike 2-1: Foul Ball, location: 2F 2-2: Ball 3-2: Foul Ball, location: 2F 3-2: Base on Balls Nick Murray to second
|
|
Batting: SHB Danny Simmons
|
0-0: Called Strike 0-1: Ball 1-1: Foul Ball, location: 2F 1-2: Grounds into double play, 4-6-3 (Groundball, 4, EV 80.6 MPH)
|
| Top of the 1st over - 0 runs, 0 hits, 0 errors, 1 left on base; Columbus 0 - Toledo 0 |
| BOTTOM OF THE 1ST |
|
Toledo Mud Hens batting - Pitching for Columbus Clippers : RHP Matt Laverty
|
|
Pitching: RHP Matt Laverty
|
|
|
Batting: RHB Brady Jeleniewski
|
0-0: Ground out 5-3 (Groundball, 5, EV 83.8 MPH)
|
|
Batting: LHB Jamel Alexander
|
0-0: Called Strike 0-1: Ball 1-1: Swinging Strike 1-2: DOUBLE (Line Drive, 89D, EV 106.9 MPH)
|
|
Batting: SHB Jared Boyce
|
0-0: Swinging Strike 0-1: Foul Ball, location: 2F 0-2: Ball 1-2: Ground out U3 (Groundball, 3, EV 106.3 MPH) Jamel Alexander to third
|
|
Batting: SHB Raul Morales
|
0-0: Ball 1-0: Foul Ball, location: 2F 1-1: Foul Ball, location: 2F 1-2: Ball 2-2: Ground out 1-3 (Groundball, 13S, EV 65.6 MPH)
|
| Bottom of the 1st over - 0 runs, 1 hit, 0 errors, 1 left on base; Columbus 0 - Toledo 0 |
| TOP OF THE 2ND |
|
Columbus Clippers batting - Pitching for Toledo Mud Hens : RHP Kevin Hockenbury
|
|
Batting: LHB Jeremy DiGenova
|
0-0: Called Strike 0-1: Ball 1-1: Swinging Strike 1-2: Foul Ball, location: 2F 1-2: Foul Ball, location: 2F 1-2: Strikes out swinging
|
|
Batting: RHB David Schweitzer
|
0-0: Ball 1-0: Ball 2-0: Called Strike 2-1: Foul Ball, location: 2F 2-2: Ball 3-2: Strikes out swinging
|
|
Batting: LHB Eric Zacher
|
0-0: Ground out 6-3 (Groundball, 6M, EV 108.8 MPH)
|
| Top of the 2nd over - 0 runs, 0 hits, 0 errors, 0 left on base; Columbus 0 - Toledo 0 |
| BOTTOM OF THE 2ND |
|
Toledo Mud Hens batting - Pitching for Columbus Clippers : RHP Matt Laverty
|
|
Batting: RHB Tim Borden
|
0-0: Ground out 6-3 (Groundball, 6, EV 85.6 MPH)
|
|
Batting: RHB Paul Wood
|
0-0: Ball 1-0: Ball 2-0: Called Strike 2-1: Fly out, F4 (Popup, 23, EV 80.0 MPH)
|
|
Batting: LHB Howie Gutierrez
|
0-0: Ball 1-0: SINGLE (Groundball, 34D, EV 110.0 MPH)
|
|
Batting: RHB Casey Knutson
|
0-0: Ball Howie Gutierrez steals 2nd base 1-0: Foul Ball, location: 2F 1-1: Called Strike 1-2: Hit by Pitch
|
|
Batting: LHB Adam Lancaster
|
0-0: Called Strike 0-1: Ground out 4-3 (Groundball, 4MS, EV 80.6 MPH)
|
| Bottom of the 2nd over - 0 runs, 1 hit, 0 errors, 2 left on base; Columbus 0 - Toledo 0 |
| TOP OF THE 3RD |
|
Columbus Clippers batting - Pitching for Toledo Mud Hens : RHP Kevin Hockenbury
|
|
Batting: RHB Chris Folse
|
0-0: Ball 1-0: Ball 2-0: Ball 3-0: Called Strike 3-1: Base on Balls
|
|
Batting: RHB Matt Thompson
|
0-0: Ball 1-0: Called Strike Chris Folse is caught stealing 2nd base 2-4 1-1: Ball 2-1: Ball 3-1: SINGLE (Groundball, 4D, EV 97.5 MPH)
|
|
Batting: SHB Jonathan DeFranco
|
0-0: Grounds into double play, 6-4-3 (Groundball, 56, EV 97.5 MPH)
|
| Top of the 3rd over - 0 runs, 1 hit, 0 errors, 0 left on base; Columbus 0 - Toledo 0 |
| BOTTOM OF THE 3RD |
|
Toledo Mud Hens batting - Pitching for Columbus Clippers : RHP Matt Laverty
|
|
Batting: RHB Brady Jeleniewski
|
0-0: Ball 1-0: Bunt missed! 1-1: Ball 2-1: SINGLE (Flyball, 4D, EV 92.5 MPH)
|
|
Batting: LHB Jamel Alexander
|
0-0: Called Strike Brady Jeleniewski steals 2nd base (no throw) 0-1: DOUBLE (Flyball, 8LD, EV 102.5 MPH) Brady Jeleniewski scores
|
|
Batting: SHB Jared Boyce
|
0-0: Called Strike 0-1: Ball 1-1: Foul Ball, location: 2F 1-2: Strikes out swinging
|
|
Batting: SHB Raul Morales
|
0-0: Ball 1-0: SINGLE (Groundball, 34D, EV 94.4 MPH) Jamel Alexander to third Runner from 3rd tries for Home, throw by RF and OUT! 9-2 Raul Morales to second
|
|
Batting: RHB Tim Borden
|
0-0: Ball 1-0: Called Strike 1-1: Ball 2-1: Ground out 6-3 (Groundball, 6S, EV 80.6 MPH)
|
| Bottom of the 3rd over - 1 run, 3 hits, 0 errors, 1 left on base; Columbus 0 - Toledo 1 |
| TOP OF THE 4TH |
|
Columbus Clippers batting - Pitching for Toledo Mud Hens : RHP Kevin Hockenbury
|
|
Batting: RHB Nick Murray
|
0-0: Called Strike 0-1: Ball 1-1: Called Strike 1-2: Foul Ball, location: 2F 1-2: Foul Ball, location: 2F 1-2: Ball 2-2: SINGLE (Groundball, 6MD, EV 103.1 MPH)
|
|
Batting: SHB Mike Gross
|
0-0: Ball 1-0: Ball 2-0: Called Strike 2-1: Fly out, F7 (Flyball, 7LM, EV 75.6 MPH)
|
|
Batting: SHB Danny Simmons
|
0-0: Called Strike 0-1: Ball 1-1: Foul Ball, location: 2F 1-2: Strikes out swinging
|
|
Batting: LHB Jeremy DiGenova
|
0-0: Called Strike 0-1: Ball 1-1: Swinging Strike 1-2: Foul Ball, location: 2F 1-2: Ground out U3 (Groundball, 3, EV 105.0 MPH)
|
| Top of the 4th over - 0 runs, 1 hit, 0 errors, 1 left on base; Columbus 0 - Toledo 1 |
| BOTTOM OF THE 4TH |
|
Toledo Mud Hens batting - Pitching for Columbus Clippers : RHP Matt Laverty
|
|
Batting: RHB Paul Wood
|
0-0: Ground out 5-3 (Groundball, 5S, EV 83.8 MPH)
|
|
Batting: LHB Howie Gutierrez
|
0-0: Called Strike 0-1: Foul Ball, location: 2F 0-2: Ball 1-2: Foul Ball, location: 2F 1-2: Ball 2-2: Fly out, F9 (Flyball, 89M, EV 93.8 MPH)
|
|
Batting: RHB Casey Knutson
|
0-0: Ball 1-0: Ball 2-0: Foul Ball, location: 2F 2-1: Called Strike 2-2: Foul Ball, location: 2F 2-2: Foul Ball, location: 2F 2-2: Ball 3-2: Strikes out swinging
|
| Bottom of the 4th over - 0 runs, 0 hits, 0 errors, 0 left on base; Columbus 0 - Toledo 1 |
| TOP OF THE 5TH |
|
Columbus Clippers batting - Pitching for Toledo Mud Hens : RHP Kevin Hockenbury
|
|
Batting: RHB David Schweitzer
|
0-0: Called Strike 0-1: Swinging Strike 0-2: Foul Ball, location: 2F 0-2: Strikes out swinging
|
|
Batting: LHB Eric Zacher
|
0-0: Ground out 6-3 (Groundball, 6, EV 80.6 MPH)
|
|
Batting: RHB Chris Folse
|
0-0: Called Strike 0-1: Fly out, F7 (Line Drive, 78M, EV 106.9 MPH)
|
| Top of the 5th over - 0 runs, 0 hits, 0 errors, 0 left on base; Columbus 0 - Toledo 1 |
| BOTTOM OF THE 5TH |
|
Toledo Mud Hens batting - Pitching for Columbus Clippers : RHP Matt Laverty
|
|
Batting: LHB Adam Lancaster
|
0-0: Swinging Strike 0-1: Swinging Strike 0-2: Ball 1-2: Ball 2-2: Strikes out swinging
|
|
Batting: RHB Brady Jeleniewski
|
0-0: Ground out U3 (Groundball, 34, EV 85.0 MPH)
|
|
Batting: LHB Jamel Alexander
|
0-0: Ball 1-0: Ball 2-0: Foul Ball, location: 2F 2-1: Swinging Strike 2-2: Strikes out swinging
|
| Bottom of the 5th over - 0 runs, 0 hits, 0 errors, 0 left on base; Columbus 0 - Toledo 1 |
| TOP OF THE 6TH |
|
Columbus Clippers batting - Pitching for Toledo Mud Hens : RHP Kevin Hockenbury
|
|
Batting: RHB Matt Thompson
|
0-0: Ball 1-0: Foul Ball, location: 2F 1-1: Ball 2-1: Foul Ball, location: 2F 2-2: Ground out 4-3 (Groundball, 4, EV 85.0 MPH)
|
|
Batting: SHB Jonathan DeFranco
|
0-0: Swinging Strike 0-1: Ground out U3 (Groundball, 3L, EV 88.8 MPH)
|
|
Batting: RHB Nick Murray
|
0-0: Called Strike 0-1: Fly out, F9 (Flyball, 89XD, EV 93.8 MPH)
|
| Top of the 6th over - 0 runs, 0 hits, 0 errors, 0 left on base; Columbus 0 - Toledo 1 |
| BOTTOM OF THE 6TH |
|
Toledo Mud Hens batting - Pitching for Columbus Clippers : RHP Matt Laverty
|
|
Batting: SHB Jared Boyce
|
0-0: Ground out 5-3 (Groundball, 6, EV 82.5 MPH)
|
|
Batting: SHB Raul Morales
|
0-0: Called Strike 0-1: DOUBLE (Flyball, 8RXD, EV 96.3 MPH)
|
|
Batting: RHB Tim Borden
|
0-0: Ball 1-0: Ball 2-0: SINGLE (Groundball, 6M, EV 110.6 MPH) Raul Morales to third
|
|
Batting: RHB Paul Wood
|
0-0: Called Strike 0-1: Ball 1-1: Foul Ball, location: 2F 1-2: Ball 2-2: Ball 3-2: Strikes out swinging
|
|
Batting: LHB Howie Gutierrez
|
0-0: SINGLE (Line Drive, 4M, EV 104.4 MPH) Raul Morales scores Tim Borden to second
|
|
Batting: RHB Casey Knutson
|
0-0: Foul Ball, location: 2F 0-1: DOUBLE (Line Drive, 9LM, EV 91.9 MPH) Tim Borden scores Howie Gutierrez to third Runner from 3rd tries for Home, SAFE, throw by RF to trailing runner, SAFE at third!
|
|
Batting: LHB Adam Lancaster
|
0-0: Ball 1-0: Fly out, F6 (Popup, 56D, EV 36.3 MPH)
|
| Bottom of the 6th over - 3 runs, 4 hits, 0 errors, 1 left on base; Columbus 0 - Toledo 4 |
| TOP OF THE 7TH |
|
Columbus Clippers batting - Pitching for Toledo Mud Hens : RHP Kevin Hockenbury
|
|
Batting: SHB Mike Gross
|
0-0: Called Strike 0-1: Swinging Strike 0-2: Foul Ball, location: 2F 0-2: Strikes out swinging
|
|
Batting: SHB Danny Simmons
|
0-0: Ball 1-0: Swinging Strike 1-1: Foul Ball, location: 2F 1-2: Foul Ball, location: 2F 1-2: Ball 2-2: Ball 3-2: Foul Ball, location: 2F 3-2: Strikes out swinging
|
|
Batting: LHB Jeremy DiGenova
|
0-0: Ball 1-0: Ball 2-0: Ball 3-0: Base on Balls
|
|
Pitching: RHP Alexis Priego
|
|
|
Batting: RHB David Schweitzer
|
0-0: Ball 1-0: Called Strike 1-1: Ball 2-1: Ball 3-1: Fielders Choice at 2nd, 6-4 (Groundball, 6, EV 98.1 MPH)
|
| Top of the 7th over - 0 runs, 0 hits, 0 errors, 1 left on base; Columbus 0 - Toledo 4 |
| BOTTOM OF THE 7TH |
|
Toledo Mud Hens batting - Pitching for Columbus Clippers : RHP Matt Laverty
|
|
Batting: RHB Brady Jeleniewski
|
0-0: Called Strike 0-1: Called Strike 0-2: Ball 1-2: Foul Ball, location: 2F 1-2: Fly out, F3 (Line Drive, 3, EV 75.6 MPH)
|
|
Batting: LHB Jamel Alexander
|
0-0: Ball 1-0: Foul Ball, location: 2F 1-1: SINGLE (Flyball, 5D, EV 85.0 MPH)
|
|
Batting: SHB Jared Boyce
|
0-0: Called Strike 0-1: Ball 1-1: Ball 2-1: Called Strike 2-2: Foul Ball, location: 2F 2-2: Ball 3-2: Strikes out looking
|
|
Pitching: RHP Brian Hill
|
|
|
Batting: SHB Raul Morales
|
0-0: Foul Ball, location: 2F 0-1: Foul Ball, location: 2F 0-2: Foul Ball, location: 2F 0-2: Ball 1-2: Ground out 4-3 (Groundball, 34D, EV 87.5 MPH)
|
| Bottom of the 7th over - 0 runs, 1 hit, 0 errors, 1 left on base; Columbus 0 - Toledo 4 |
| TOP OF THE 8TH |
|
Columbus Clippers batting - Pitching for Toledo Mud Hens : RHP Alexis Priego
|
|
Batting: LHB Eric Zacher
|
0-0: Ball 1-0: Ball 2-0: Ball 3-0: Base on Balls
|
|
Batting: RHB Chris Folse
|
0-0: Called Strike 0-1: Ball 1-1: Ball 2-1: Foul Ball, location: 2F 2-2: SINGLE (Groundball, 56D, EV 98.8 MPH) Eric Zacher to second
|
|
Pinch Hitting: LHB Doug Frampton
|
0-0: Foul Ball, location: 2F 0-1: Ball 1-1: Foul Ball, location: 2F 1-2: Strikes out swinging
|
|
Batting: SHB Jonathan DeFranco
|
0-0: Ball 1-0: Fly out, F9 (Flyball, 9LS, EV 95.0 MPH)
|
|
Batting: RHB Nick Murray
|
0-0: DOUBLE (Groundball, 5L, EV 105.0 MPH) Eric Zacher scores Chris Folse to third Runner from 3rd tries for Home, SAFE, no throw by LF
|
|
Batting: SHB Mike Gross
|
0-0: Ball 1-0: Ball 2-0: Foul Ball, location: 2F 2-1: Foul Ball, location: 2F 2-2: Strikes out swinging
|
| Top of the 8th over - 2 runs, 2 hits, 0 errors, 1 left on base; Columbus 2 - Toledo 4 |
| BOTTOM OF THE 8TH |
|
Toledo Mud Hens batting - Pitching for Columbus Clippers : RHP Brian Hill
|
|
Now in LF: Doug Frampton
|
|
|
Batting: RHB Tim Borden
|
0-0: Ball 1-0: Called Strike 1-1: Ground out 5-3 (Groundball, 56, EV 85.0 MPH)
|
|
Batting: RHB Paul Wood
|
0-0: Ball 1-0: Ball 2-0: Called Strike 2-1: Ground out 1-3 (Groundball, 13S, EV 69.4 MPH)
|
|
Batting: LHB Howie Gutierrez
|
0-0: Ground out 1-3 (Groundball, 15S, EV 68.8 MPH)
|
| Bottom of the 8th over - 0 runs, 0 hits, 0 errors, 0 left on base; Columbus 2 - Toledo 4 |
| TOP OF THE 9TH |
|
Columbus Clippers batting - Pitching for Toledo Mud Hens : RHP Alexis Priego
|
|
Pitching: RHP Ken Howington
|
|
|
Batting: SHB Danny Simmons
|
0-0: Ball 1-0: Foul Ball, location: 2F 1-1: Swinging Strike 1-2: Ball 2-2: Ball 3-2: Strikes out looking
|
|
Batting: LHB Jeremy DiGenova
|
0-0: Swinging Strike 0-1: Fly out, F8 (Flyball, 8RXD, EV 90.0 MPH)
|
|
Batting: RHB David Schweitzer
|
0-0: Called Strike 0-1: Ball 1-1: Swinging Strike 1-2: Ball 2-2: Strikes out swinging
|
| Top of the 9th over - 0 runs, 0 hits, 0 errors, 0 left on base; Columbus 2 - Toledo 4 |
|